 Dungeon Crawl Stone Soup version 0.20.0-15-g7f486f2 (webtiles) character file.

72 theemperora the Firebug (level 4, -7/24 HPs)
             Began as a Deep Elf Fire Elementalist on June 10, 2017.
             Mangled by an ogre
             ... wielding a +0 giant club
              (15 damage)
             ... on level 2 of the Dungeon.
             The game lasted 00:12:39 (2042 turns).

theemperora the Firebug (DEFE)                      Turns: 2042, Time: 00:12:40

Health: -7/24      AC:  2    Str:  5    XL:     4   Next: 6%
Magic:  8/10       EV: 13    Int: 21    God:
Gold:   103        SH:  0    Dex: 15    Spells: 3/9 levels left

rFire    . . .     SeeInvis .   n - +1 dagger (speed)
rCold    . . .     Gourm    .   (no shield)
rNeg     . . .     Faith    .   a - +0 robe
rPois    +         Spirit   .   (no helmet)
rElec    .         Reflect  .   (no cloak)
rCorr    +         Harm     .   (no gloves)
MR       .....                  (no boots)
Stlth    ++........             (no amulet)
Regen    0.1/turn               h - ring of poison resistance
MPRegen  0.2/turn               l - ring of resist corrosion

@: no status effects
A: no striking features
a: no special abilities


You were on level 2 of the Dungeon.
You were not hungry.

You visited 1 branch of the dungeon, and saw 3 of its levels.

You collected 103 gold pieces.

Inventory:

Hand Weapons
 e - a -1 dagger
 m - a +0 dagger
 n - a +1 dagger of speed (weapon)
Armour
 a - a +0 robe (worn)
Jewellery
 h - a ring of poison resistance (left hand)
 l - a ring of resist corrosion (right hand)
Scrolls
 f - 2 scrolls of recharging
Potions
 i - a potion of degeneration
 j - a potion of ambrosia
 k - a potion of haste
 o - a potion of curing
Books
 b - a book of Flames

   Spells                             Type                      Level
   a - Flame Tongue                   Conjuration/Fire             1
   b - Throw Flame                    Conjuration/Fire             2
   c - Conjure Flame                  Conjuration/Fire             3
   d - Inner Flame                    Hexes/Fire                   3
   e - Sticky Flame                   Conjuration/Fire             4
   f - Fireball                       Conjuration/Fire             5
Comestibles
 c - 2 bread rations
 d - 6 fruits
 g - a meat ration
 p - a chunk of flesh


   Skills:
 + Level 2.7 Dodging
 + Level 3.0 Stealth
 - Level 3.0 Spellcasting
 * Level 1.9 Conjurations
 * Level 4.8 Fire Magic


You had 3 spell levels left.
You knew the following spells:

 Your Spells              Type           Power        Failure   Level  Hunger
a - Flame Tongue          Conj/Fire      ###..        3%          1    None
b - Throw Flame           Conj/Fire      ###...       4%          2    ##.....
c - Conjure Flame         Conj/Fire      ###.....     10%         3    ###....


Dungeon Overview and Level Annotations

Branches:
Dungeon (3/15)

Altars:

Annotations:
D:3 skittles's ghost, weakling DrFE


Message History

There is a stone staircase leading down here.
Casting: Flame Tongue
Confirm with . or Enter, or press ? or * to list all spells.
Aiming: Flame Tongue
Press: ? - help, Shift-Dir - straight line, f - ogre
Aim: an ogre, wielding a giant club The flame tongue hits the ogre.
The ogre is moderately wounded.
The ogre hits you with a giant club!
Ouch! That really hurt!
The jackal misses you.
Casting: Flame Tongue
Confirm with . or Enter, or press ? or * to list all spells.
Aiming: Flame Tongue
Press: ? - help, Shift-Dir - straight line, f/p - ogre
Aim: an ogre, wielding a giant club (moderately wounded)
The flame tongue misses the ogre.
The jackal misses you. The ogre hits you with a giant club!
Ouch! That really hurt!
You die...

#####..##.# ###...##.##.#
######.'...'..##.#
....##.#...##..#.########
....##.##...............#
....##.##.####...######.#
....##.##.# ##..# #.#
.......##.# #.O# #.#
....#####.# ##@# #.#
##'## #.# #h# #.# ...#
#.# #.# #.# #########.#
#.# #.# #.........# #.#
#.# #.######### #.# #.#
#.#..<...#######.######.#
#.#.##.....[..##........#
#.#.#.........###########


You could see an ogre and a jackal.

Vanquished Creatures
  2 adders (D:2)
  2 worms (D:2)
  2 dart slugs
  A leopard gecko (D:2)
  An orc (D:3)
  4 bats (D:1)
  A giant cockroach (D:1)
  7 goblins
  6 hobgoblins
  2 jackals
  A quokka (D:2)
  A ball python (D:2)
  A frilled lizard (D:1)
  5 kobolds
  3 rats
39 creatures vanquished.

Notes
Turn   | Place    | Note
-------+----------+-------------------------------------------
     0 | D:1      | theemperora the Deep Elf Fire Elementalist began the quest for the Orb.
     0 | D:1      | Reached XP level 1. HP: 10/10 MP: 6/6
   275 | D:1      | Reached XP level 2. HP: 15/15 MP: 6/8
   380 | D:1      | Reached skill level 4 in Fire Magic
  1170 | D:2      | Reached XP level 3. HP: 19/19 MP: 6/9
  1255 | D:2      | Learned a level 2 spell: Throw Flame
  1400 | D:2      | Learned a level 3 spell: Conjure Flame
  1888 | D:3      | Noticed skittles's ghost (weakling DrFE)
  1906 | D:2      | Reached XP level 4. HP: 21/24 MP: 2/10
  1973 | D:3      | Noticed an ogre
  2042 | D:2      | Mangled by an ogre

Skill      XL: |  1  2  3 |
---------------+----------+-----
Fire Magic     | 4 |  4.8
Stealth        | 3 |  3.0
Dodging        | |  2.7
Spellcasting   | |  3.0
Conjurations   | |  1.9

Action                   |  1- 3 |  4- 6 || total
-------------------------+-------+-------++-------
Melee: Unarmed           |     2 |       ||     2
       Dagger            |     5 |     1 ||     6
 Cast: Flame Tongue      |    60 |     6 ||    66
       Throw Flame       |     4 |       ||     4
       Conjure Flame     |     1 |     1 ||     2
  Use: Scroll            |    10 |       ||    10
  Eat: Meat ration       |     1 |       ||     1
Armor: Robe              |     6 |     1 ||     7
Dodge: Dodged            |    18 |     9 ||    27
